 Dungeon Crawl Stone Soup version 0.31-a0-240-gb923e448b6 (webtiles) character file.

Game seed: 12616623695156314331

185 qw the Shooter (level 5, 0/45 HPs)
             Began as a Minotaur Hexslinger on July 11, 2023.
             Slain by an ufetubus (2 damage)
             ... on level 4 of the Dungeon.
             The game lasted 00:01:02 (2184 turns).

qw the Shooter (Minotaur Hexslinger)                Turns: 2184, Time: 00:01:03

Health: 0/45       AC:  6    Str: 12    XL:     5   Next: 37%
Magic:  5/5        EV: 11    Int: 10    God:
Gold:   125        SH:  0    Dex: 15    Spells: 5/6 levels left

rFire   . . .        Y - +2 sling
rCold   . . .        (no shield)
rNeg    . . .        b - +0 ring mail
rPois   .            (helmet restricted)
rElec   .            a - +0 cloak
rCorr   .            (no gloves)
SInv    .            (no boots)
Will    .....        (no amulet)
Stlth   +            (no ring)
HPRegen 0.27/turn    (no ring)
MPRegen 0.09/turn

%: no passive effects
@: no status effects
A: horns 2, retaliatory headbutt
a: no special abilities


You were on level 4 of the Dungeon.
You visited 1 branch of the dungeon, and saw 4 of its levels.

You collected 125 gold pieces.


Innate Abilities, Weirdness & Mutations

You have a pair of horns on your head.
You reflexively headbutt those who attack you in melee.


   Skills:
 - Level 3.1 Fighting
 + Level 5.0 Ranged Weapons
 - Level 2.2 Armour
 - Level 2.1 Dodging
 - Level 1.0 Spellcasting
 - Level 2.0 Hexes


You had 5 spell levels left.
You knew the following spells:

 Your Spells              Type           Power      Damage    Failure   Level
a - Slow                  Hex            16%        N/A       32%         1

Your spell library contained the following spells:

 Spells                   Type           Power      Damage    Failure   Level
 Inner Flame              Hex/Fire       2%         N/A       83%         3
 Portal Projectile        Hex/Tloc       4%         N/A       83%         3
 Cause Fear               Hex            2%         N/A       97%         4

Inventory:

Hand Weapons
 Y - a +2 sling (weapon)
Armour
 a - a +0 cloak (worn)
 b - a +0 ring mail (worn)
Scrolls
 f - 2 scrolls of identify
Potions
 c - a potion of enlightenment {unknown}
 d - a potion of heal wounds {unknown}
 e - a potion of curing {unknown}

Dungeon Overview and Level Annotations

Branches:
Dungeon (4/15)
 Temple: D:4-7

Altars:
Yredelemnul

Shops:
D:3 (


Message History

The orc hits you but does no damage. x3
Your Fighting skill increases to level 3!
You shoot a sling bullet. The sling bullet hits the orc.
The orc is moderately wounded.
The orc hits you but does no damage. The orc misses you.
You furiously retaliate!
You headbutt the orc.
The orc hits you but does no damage. x2; The orc barely misses you.
The orc hits you but does no damage.
You shoot a sling bullet.
The sling bullet closely misses the orc.
The orc hits you with a +0 dagger. The orc hits you but does no damage.
The orc misses you. The ufetubus hits you. The ufetubus misses you.
2180 ||| READING scroll of teleportation.
As you read the scroll of teleportation, it crumbles to dust.
You feel strangely unstable. The ufetubus misses you. You furiously retaliate!
You headbutt the ufetubus!
You kill the ufetubus!
The orc hits you but does no damage. x2; The orc closely misses you.
You shoot a sling bullet.
The sling bullet closely misses the orc.
The orc barely misses you. The orc hits you but does no damage. x2
You shoot a sling bullet. The sling bullet hits the orc.
You kill the orc!
Your surroundings suddenly seem different.
An ufetubus comes into view.
Found 17 gold pieces and 6 stones.
The ufetubus shouts!
A giant cockroach comes into view.
The ufetubus hits you.
The ufetubus hits you but does no damage.
Enter note: You shoot a sling bullet.
The sling bullet closely misses the ufetubus.
The ufetubus barely misses you. The ufetubus closely misses you.
The ufetubus misses you. The ufetubus completely misses you.
A ball python comes into view.
You shoot a sling bullet.
The sling bullet closely misses the ufetubus.
The ufetubus hits you. x4
You die...

# #.###
#..@#
##.5.......
##...###..
##$..# #..#
#.B ...
...(


You could see an ufetubus and a giant cockroach.

Vanquished Creatures
  An orc priest (D:2)
  A sleepcap (D:4)
  A mummy (D:4)
  An adder (D:2)
  A white imp (D:4)
  An ufetubus (D:4)
  A worm (D:3)
  A dart slug (D:2)
  5 orcs
  6 endoplasms
  4 giant cockroaches
  6 goblins
  9 hobgoblins
  2 quokkas
  11 ball pythons
  9 bats
  5 frilled lizards
  2 hobgoblin zombies (D:4)
  7 kobolds
  A kobold zombie (D:4)
  An orc zombie (D:4)
  9 rats
85 creatures vanquished.

Notes
Turn   | Place    | Note
-------+----------+-------------------------------------------
     0 | D:1      | qw the Minotaur Hexslinger began the quest for the Orb.
     0 | D:1      | Reached XP level 1. HP: 16/16 MP: 1/1
     0 | D:1      | 0 ||| qw: Version: 0.3-a-52-g30416fa
     0 | D:1      | 0 ||| qw: Game counter: 5981
     0 | D:1      | 0 ||| qw: Melee chars always use a shield: true
     0 | D:1      | 0 ||| qw: God list: Okawaru
     0 | D:1      | 0 ||| qw: Allow faded altars: false
     0 | D:1      | 0 ||| qw: Do Orc after clearing Dungeon:15 true
     0 | D:1      | 0 ||| qw: Do second Lair branch before Depths: true
     0 | D:1      | 0 ||| qw: Lair rune preference: random
     0 | D:1      | 0 ||| qw: Goals: Normal
     0 | D:1      | 0 ||| PLANNING D:1-11
   100 | D:1      | Reached skill level 3 in Ranged Weapons
   128 | D:1      | Reached XP level 2. HP: 23/23 MP: 2/2
   181 | D:1      | You fall into a shaft and drop 1 floor!
   191 | D:2      | 191 ||| DROPPING scroll of poison.
   295 | D:1      | 295 ||| FLEEEEING.
   296 | D:1      | 296 ||| FLEEEEING.
   297 | D:1      | 297 ||| FLEEEEING.
   298 | D:1      | 298 ||| FLEEEEING.
   299 | D:1      | 299 ||| FLEEEEING.
   301 | D:1      | 301 ||| FLEEEEING.
   302 | D:1      | 302 ||| FLEEEEING.
   303 | D:1      | 303 ||| FLEEEEING.
   329 | D:1      | Reached XP level 3. HP: 27/29 MP: 3/3
   331 | D:1      | 331 ||| FLEEEEING.
   332 | D:1      | 332 ||| FLEEEEING.
   333 | D:1      | 333 ||| FLEEEEING.
   334 | D:1      | 334 ||| FLEEEEING.
   335 | D:1      | 335 ||| FLEEEEING.
   336 | D:1      | 336 ||| FLEEEEING.
   337 | D:1      | 337 ||| FLEEEEING.
   338 | D:1      | 338 ||| FLEEEEING.
   851 | D:1      | 851 ||| UPGRADING to +0 ring mail.
   861 | D:1      | 861 ||| DROPPING +0 robe.
   862 | D:1      | 862 ||| READING scroll labelled OVEATOCV HACOPP.
   898 | D:2      | Found a basalt altar of Yredelemnul.
   927 | D:2      | Reached skill level 4 in Ranged Weapons
   933 | D:2      | HP: 1/29 [orc priest/divine providence (14)]
   936 | D:2      | Reached XP level 4. HP: 2/36 MP: 4/4
   994 | D:2      | 994 ||| FLEEEEING.
  1000 | D:2      | 1000 ||| FLEEEEING.
  1003 | D:2      | 1003 ||| STAIRDANCE
  1065 | D:1      | 1065 ||| UPGRADING to +0 cloak.
  1176 | D:2      | 1176 ||| READING scroll labelled JAALYO GIEJARPH.
  1411 | D:2      | 1411 ||| READING scroll labelled UNEMIK UFFOV.
  1448 | D:3      | Found Vinamuvui's Weapon Boutique.
  1593 | D:3      | Identified the +8 dagger "Cycos" {freeze, *Corrode rF++
                  | rN++}
  2029 | D:3      | 2029 ||| READING scroll labelled YSISONA LON AFO.
  2030 | D:3      | 2030 ||| READING scroll labelled PIJIBO RIDISM.
  2094 | D:4      | Reached skill level 5 in Ranged Weapons
  2118 | D:4      | Reached XP level 5. HP: 42/42 MP: 5/5
  2178 | D:4      | Reached skill level 3 in Fighting
  2179 | D:4      | HP: 10/45 [ufetubus (3)]
  2180 | D:4      | 2180 ||| READING scroll of teleportation.
  2184 | D:4      | HP: 7/45 [ufetubus (4)]
  2184 | D:4      | HP: 2/45 [ufetubus (2)]
  2184 | D:4      | Slain by an ufetubus

Levels and vault maps discovered:
D:1:      ebering_trefoil_3fold, layout_basic, nicolae_the_louvre
D:2:      layout_basic, serial_glass, glass_columns_a, glass_columns_a,
          glass_columns_a, glass_columns_c, basic_altar, minmay_misc_feat_plants
D:3:      layout_basic, serial_shops, nicolae_shop_waterfront
D:4:      minmay_recursive_quarters, layout_basic, xom_teletrap_fun,
          minmay_temple_entry_tees, serial_shops,
          nicolae_shop_pleasant_corner_grove, serial_demonic, serial_demonic_b,
          serial_demonic_d, serial_demonic_b, serial_demonic_g,
          minmay_mini_ossuary

Skill      XL: |  1  2  3  4  5 |
---------------+----------------+-----
Ranged Weapons | 3 4 5 |  5.0
Fighting       | 2 3 |  3.1
Armour         | 2 |  2.2
Dodging        | |  2.1
Spellcasting   | |  1.0
Hexes          | |  2.0

Action                     |  1- 3 |  4- 6 || total
---------------------------+-------+-------++-------
   Fire: Sling             |   119 |   130 ||   249
    Use: Scroll            |     1 |     5 ||     6
 Armour: Robe              |     5 |       ||     5
         Ring mail         |       |    53 ||    53
  Dodge: Dodged            |    34 |    63 ||    97

Table legend:
 A = Non-vault XP
 B = Vault XP
 C = Vault XP percentage of total XP
 D = Non-vault monster count
 E = Vault monster count
 F = Vault count percentage of total count
                 A         B        C        D         E       F
            +---------+---------+-------+---------+---------+-------
      Total |     225 |      40 |  15.1 |      78 |       7 |   8.2
            +---------+---------+-------+---------+---------+-------
        D:1 |      53 |       0 |   0.0 |      33 |       0 |   0.0
        D:2 |     100 |       0 |   0.0 |      28 |       0 |   0.0
        D:3 |      26 |       0 |   0.0 |      14 |       0 |   0.0
        D:4 |      46 |      40 |  46.5 |       3 |       7 |  70.0
            +---------+---------+-------+---------+---------+-------
